 Dungeon Crawl Stone Soup version 0.23.1 (webtiles) character file.

Game seed: 1188203893251782087

56 Fang the Skirmisher (level 3, -2/36 HPs)
             Began as a Gargoyle Berserker on Mar 18, 2019.
             Was a Believer of Trog.
             Slain by an iron imp (6 damage)
             ... summoned by Natasha
             ... on level 2 of the Dungeon.
             The game lasted 00:02:38 (1214 turns).

Fang the Skirmisher (Gargoyle Berserker)            Turns: 1214, Time: 00:02:38

Health: -2/36      AC: 10    Str: 26    XL:     3   Next: 97%
Magic:  3/3        EV: 11    Int:  7    God:    Trog [**....]
Gold:   63         SH:  0    Dex:  9    Spells: 2/2 levels left

rFire    . . .     SeeInvis .   a - +0 hand axe
rCold    . . .     Gourm    .   (no shield)
rNeg     + . .     Faith    .   m - +0 scale mail
rPois    ∞         Spirit   .   (no helmet)
rElec    +         Reflect  .   (no cloak)
rCorr    .         Harm     .   (no gloves)
MR       .....                  (no boots)
Stlth    ..........             (no amulet)
HPRegen  0.12/turn              l - +1 ring of slaying
MPRegen  0.08/turn              (no ring)

@: berserking, very quick
A: negative energy resistance 1, electricity resistance, unbreathing,
petrification resistance, rot immunity, AC +3
a: Berserk, Trog's Hand, Renounce Religion


You were on level 2 of the Dungeon.
You worshipped Trog.
Trog was pleased with you.
You were hungry.

You visited 1 branch of the dungeon, and saw 2 of its levels.

You collected 63 gold pieces.

Inventory:

Hand Weapons
 a - a +0 hand axe (weapon)
Armour
 m - a +0 scale mail (worn)
Jewellery
 l - a +1 ring of slaying (left hand)
Scrolls
 d - 5 scrolls of identify {unknown}
 e - a scroll of enchant weapon {unknown}
 h - a scroll of teleportation {unknown}
 i - a scroll of remove curse {unknown}
 j - 2 scrolls of blinking {unknown}
 n - a scroll of amnesia {unknown}
Potions
 b - a potion of flight {unknown}
 f - 2 potions of cancellation {unknown}
 k - 2 potions of heal wounds {unknown}
 o - a potion of brilliance {unknown}
Comestibles
 c - 4 rations
 g - 4 chunks of flesh


   Skills:
 + Level 3.8 Fighting
 + Level 3.1 Axes
 + Level 2.9 Armour
 + Level 2.1 Dodging


You had 2 spell levels left.
You didn't know any spells.
Your spell library was empty.

Dungeon Overview and Level Annotations

Branches:
Dungeon (2/15)

Altars:

Annotations:
D:2 Natasha


Innate Abilities, Weirdness & Mutations

You are resistant to torment.
Your stone body is resilient. (AC +3)
You are immune to poison.
You resist negative energy. (rN+)
You are resistant to electric shocks. (rElec)
You can survive without breathing.
You are immune to petrification.
You are immune to rotting.


Message History

You barely miss the iron imp. You closely miss the white imp.
The iron imp misses you. Natasha claws you but does no damage.
You barely miss Natasha.
Natasha is heavily wounded.
You slash the white imp! You barely miss the iron imp.
The white imp hits you but does no damage.
Natasha claws you but does no damage. The iron imp hits you.
* * * LOW HITPOINT WARNING * * *
You barely miss Natasha.
Natasha is heavily wounded.
You slash the iron imp! You closely miss the white imp.
The white imp barely misses you.
You barely miss Natasha.
Natasha is heavily wounded.
You closely miss the white imp. You hit the iron imp.
Natasha howls an incantation.
Natasha's front paws start to glow.
Natasha stares at you and mumbles some strange words.
You resist with significant effort. The iron imp hits you.
You die...

.# .## #........# ...
'........# .# #.......)#
.# ........ . .#
......#######.. .######
#............ ......#
#.....5......
#####>######....@h......
................5.......
###.#.#.#####..........#
###.#.#.# #..........#
....#+#.### #..........#
........... #.#'###'####
........### #...# .#
........+ #...# ..
........# #...#


You could see an iron imp, Natasha and a white imp.

Vanquished Creatures
  Natasha (D:2)
  A dart slug (D:2)
  A leopard gecko (D:1)
  2 giant cockroaches (D:2)
  4 goblins
  6 hobgoblins
  2 kobolds (D:1)
  5 bats
  3 frilled lizards (D:1)
  2 rats
27 creatures vanquished.

Notes
Turn   | Place    | Note
-------+----------+-------------------------------------------
     0 | D:1      | Fang the Gargoyle Berserker began the quest for the Orb.
     0 | D:1      | Reached XP level 1. HP: 14/14 MP: 1/1
    53 | D:1      | Reached XP level 2. HP: 5/19 MP: 2/2
   842 | D:2      | Reached ** piety under Trog
   902 | D:2      | Reached XP level 3. HP: 23/23 MP: 3/3
   913 | D:2      | Noticed Natasha
   921 | D:2      | Killed Natasha
  1199 | D:2      | Noticed Natasha
  1214 | D:2      | Slain by an iron imp

Skill      XL: |  1  2  3 |
---------------+----------+-----
Axes           | 3 |  3.1
Dodging        | 2 |  2.1
Fighting       | |  3.8
Armour         | |  2.9

Action                   || total
-------------------------++-------
Melee: Hand axe          ||    88
Invok: Berserk           ||     2
 Stab: Sleeping          ||     1
  Eat: Chunk             ||     2
Armor: Animal skin       ||    24
       Scale mail        ||    19
Dodge: Dodged            ||    53
